 Dungeon Crawl Stone Soup version 0.22-a0-467-g5c5de1cb09 (webtiles) character file.

44 Foic the Sneak (level 3, -1/27 HPs)
             Began as a Vampire Assassin on June 10, 2018.
             Succumbed to a scorpion's poison
             ... on level 2 of the Dungeon.
             The game lasted 00:08:27 (1856 turns).

Foic the Sneak (Vampire Assassin)                   Turns: 1856, Time: 00:08:28

Health: -1/27      AC:  5    Str: 10    XL:     3   Next: 41%
Magic:  3/3        EV: 11    Int: 13    God:
Gold:   92         SH:  3    Dex: 16    Spells: 2/2 levels left

rFire    . . .     SeeInvis +   a - +2 dagger
rCold    . . .     Gourm    .   (no shield)
rNeg     + . .     Faith    .   j - +0 leather armour
rPois    .         Spirit   .   (no helmet)
rElec    .         Reflect  +   d - +1 cloak
rCorr    .         Harm     .   (no gloves)
MR       .....                  (no boots)
Stlth    +++.......             l - +3 amulet of reflection
HPRegen  0.09/turn              (no ring)
MPRegen  0.08/turn              (no ring)

@: lethally poisoned (-1 -> -14)
A: fangs 3, see invisible, unbreathing
a: Bat Form


You were on level 2 of the Dungeon.
You were not thirsty.

You visited 1 branch of the dungeon, and saw 2 of its levels.

You collected 92 gold pieces.

Inventory:

Hand Weapons
 a - a +2 dagger (weapon)
 b - a +0 blowgun
Missiles
 e - 20 poisoned needles
 f - 2 curare-tipped needles
 k - 24 stones (quivered)
Armour
 c - a +0 robe
 d - a +1 cloak (worn)
 j - a +0 leather armour (worn)
Jewellery
 l - a +3 amulet of reflection (around neck)
 q - an uncursed ring of poison resistance {unknown}
Wands
 p - a wand of random effects (19)
Scrolls
 m - a scroll of fear
 n - a scroll of identify {unknown}
Potions
 g - 11 potions of blood
 h - a potion of haste {unknown}
 i - a potion of magic {unknown}
 o - a potion of curing {unknown}


   Skills:
 + Level 1.7 Fighting
 + Level 2.5 Short Blades
 + Level 1.7 Throwing
 + Level 0.5 Armour
 + Level 1.2 Dodging
 + Level 7.2 Stealth


You had 2 spell levels left.
You didn't know any spells.
Your spell library was empty.

Dungeon Overview and Level Annotations

Branches:
Dungeon (2/15)

Altars:


Innate Abilities, Weirdness & Mutations

You have razor-sharp teeth.
You have supernaturally acute eyesight. (SInv)
You can survive without breathing.


Message History

Yummy - fresh blood!
The scorpion stings you.
* * * LOW HITPOINT WARNING * * *
There is a stone staircase leading up here.
The scorpion closely misses you.
You closely miss the scorpion.
The scorpion is moderately wounded.
You hit the scorpion but do no damage.
The scorpion is moderately wounded.
The scorpion barely misses you.
You hit the scorpion.
The scorpion is moderately wounded.
You block the scorpion's attack.
You closely miss the scorpion.
The scorpion is moderately wounded.
The scorpion stings you. The scorpion stings you!
* * * LOW HITPOINT WARNING * * *
You are lethally poisoned!
The scorpion poisons you!
You die...

........####......########...####
........'.......................'
........####...#.########.#..####
.......## ##.##.# ##..## #
#.....## ####.# #.## ##...##
#####.## #.# ##'## #......# #.#
#.# #.###..# #.# ###.# #.###@.#
#.# ....##### #..s...# #.#
##...##.## #.<###.# #.#
#......#.###..# #.#
##....###.....###.# .....##
##........# ###...###.....#####
###..#.#.##.### .....##.###.#


You could see a scorpion.

Vanquished Creatures
  An adder (D:2)
  2 worms (D:2)
  A dart slug (D:2)
  3 giant cockroaches
  3 goblins
  5 hobgoblins
  2 ball pythons
  4 bats
  3 kobolds
  4 rats
28 creatures vanquished.

Notes
Turn   | Place    | Note
-------+----------+-------------------------------------------
     0 | D:1      | Foic the Vampire Assassin began the quest for the Orb.
     0 | D:1      | Reached XP level 1. HP: 16/16 MP: 1/1
    25 | D:1      | Reached skill level 6 in Stealth
   178 | D:1      | Reached XP level 2. HP: 13/22 MP: 2/2
   986 | D:2      | Reached skill level 7 in Stealth
   986 | D:2      | Reached XP level 3. HP: 27/27 MP: 3/3
  1740 | D:2      | Noticed a scorpion
  1855 | D:2      | HP: 1/27 [scorpion (9)]
  1856 | D:2      | Succumbed to a scorpion's poison

Vault maps used:
D:1:      ncdulo_smallfort
D:2:      uniq_terence

Skill      XL: |  1  2 |
---------------+-------+-----
Stealth        | 6 7 |  7.2
Fighting       | |  1.7
Short Blades   | |  2.5
Throwing       | |  1.7
Armour         | |  0.5
Dodging        | |  1.2

Action                   || total
-------------------------++-------
Melee: Dagger            ||    90
       Bite              ||     6
  Use: Scroll            ||     3
       Potion            ||     2
 Stab: Sleeping          ||    14
Armor: Leather armour    ||    18
Dodge: Dodged            ||    40
Block: Other             ||     3
       Reflection        ||     1

Table legend:
 A = Spawn XP
 B = Non-spawn XP
 C = Spawn XP percentage of total XP
 D = Spawn monster count
 E = Non-spawn monster count
 F = Spawn count percentage of total count
 G = Total turns spent on level
                    A         B        C        D         E        F      G
               +---------+---------+-------+---------+---------+-------+---------
         Total |       0 |      64 |   0.0 |       0 |      28 |   0.0 |  1856
               +---------+---------+-------+---------+---------+-------+---------
           D:1 |       0 |      21 |   0.0 |       0 |      14 |   0.0 |   641
           D:2 |       0 |      43 |   0.0 |       0 |      14 |   0.0 |  1215
               +---------+---------+-------+---------+---------+-------+---------
